 Dungeon Crawl Stone Soup version 0.31.0-32-g396128a36d (webtiles) character file.

Game seed: 7306877989554119374

389 mmk665 the Trooper (level 6, -6/39 HPs)
             Began as a Gargoyle Fighter on Mar 29, 2024.
             Mangled by an ogre
             ... wielding a +0 giant club
              (30 damage)
             ... on level 4 of the Dungeon.
             The game lasted 00:03:43 (2176 turns).

mmk665 the Trooper (Gargoyle Fighter)               Turns: 2176, Time: 00:03:43

Health: -6/39      AC:  6    Str: 21    XL:     6   Next: 79%
Magic:  6/6        EV: 11    Int:  9    God:
Gold:   236        SH:  4    Dex:  9    Spells: 5/5 levels left

rFire   . . .        t - +2 dagger (vamp)
rCold   . . .        c - +0 buckler
rNeg    + . .        (no body armour)
rPois   ∞            (no helmet)
rElec   +            n - +0 cloak
rCorr   .            i - +0 pair of gloves
SInv    .            (no boots)
Will    +....        k - amulet of regeneration
Stlth   +            g - ring of willpower
HPRegen 1.06/turn    (no ring)
MPRegen 0.10/turn

%: no passive effects
@: no status effects
A: sickness immunity, AC +4, negative energy resistance 1, electricity
resistance, torment resistance 1, petrification resistance
a: no special abilities


You were on level 4 of the Dungeon.
You visited 1 branch of the dungeon, and saw 4 of its levels.

You collected 236 gold pieces.

Inventory:

Hand Weapons
 a - a +0 war axe
 o - a +1 sling of flaming
 t - a +2 vampiric dagger (weapon)
Armour
 b - a +0 scale mail
 c - a +0 buckler (worn)
 i - a +0 pair of gloves (worn)
 m - a +0 plate armour
 n - a +0 cloak (worn)
Jewellery
 g - a ring of willpower (left hand)
 k - an amulet of regeneration (around neck)
Wands
 p - a wand of charming (6)
Scrolls
 e - a scroll of revelation {unknown}
 f - a scroll of blinking {unknown}
 h - a scroll of immolation {unknown}
 j - 5 scrolls of vulnerability {unknown}
 l - a scroll of noise {unknown}
 q - 2 scrolls of identify {unknown}
Potions
 d - a potion of might
 r - 2 potions of haste {unknown}
 s - 2 potions of attraction {unknown}


   Skills:
 + Level 4.3 Fighting
 + Level 0.2 Short Blades
 + Level 4.3 Axes
 + Level 4.2 Armour
 + Level 1.7 Dodging
 + Level 0.4 Stealth
 + Level 4.1 Shields


You had 5 spell levels left.
You didn't know any spells.
Your spell library contained the following spells:

 Spells                   Type           Power      Damage    Failure   Level
 Apportation              Tloc           0%         N/A       45%         1
 Jinxbite                 Hex            0%         N/A       58%         2
 Lesser Beckoning         Tloc           0%         N/A       58%         2
 Static Discharge         Conj/Air       0%         3-3/arc   58%         2
 Gell's Gravitas          Tloc           0%         N/A       83%         3
 Teleport Other           Tloc           0%         N/A       83%         3
 Airstrike                Air            0%         2d(0-16)  99%         4
 Summon Lightning Spire   Summ/Air       0%         N/A       99%         4
 Alistair's Intoxication  Alch           0%         N/A       100%        5


Dungeon Overview and Level Annotations

Branches:
Dungeon (4/15)
 Temple: D:4-7

Altars:
Fedhas


Innate Abilities, Weirdness & Mutations

You are immune to sickness and miasma.
Your stone body is resilient. (AC +4)
You are immune to poison.
You resist negative energy. (rN+)
You are resistant to electric shocks. (rElec)
You are resistant to unholy torment.
You are immune to petrification.


Message History

The ogre hits you with a +0 giant club!
You hit the ogre.
The ogre is moderately wounded.
You hit the ogre.
The ogre is heavily wounded.
The ogre barely misses you.
You hit the ogre.
You feel better.
The ogre is heavily wounded.
The ogre closely misses you.
You hit the ogre.
The ogre is severely wounded.
You barely miss the ogre.
The ogre is severely wounded.
The ogre misses you.
You hit the ogre.
You feel better.
The ogre is severely wounded.
The ogre hits you with a +0 giant club!
You are too injured to fight recklessly!
You are too injured to fight recklessly!
You are too injured to fight recklessly!
You are too injured to fight recklessly!
You are too injured to fight recklessly!
You are too injured to fight recklessly!
You are too injured to fight recklessly!
You are too injured to fight recklessly!
You are too injured to fight recklessly!
You are too injured to fight recklessly!
You are too injured to fight recklessly!
You are too injured to fight recklessly!
You are too injured to fight recklessly!
You hit the ogre.
The ogre is almost dead.
You hit the ogre.
You feel better.
The ogre is almost dead.
You block the ogre's attack.
You hit the ogre but do no damage.
The ogre is almost dead.
The ogre hits you with a +0 giant club!!
Ouch! That really hurt!
You die...

#....#######'##+###..##....
#######.......................###
......#...######..............#..
......#......#.#.................
......'..#.....#.................
......######.#.#.#+##+###..##....
......+........#.# #.# #...#....
......#.#......#O#.##.####..#<...
...........#.#.#@#...............
........##.#.#.#.####.#######.#..
........#......#..............###
........#.............#######....
........'..............# #.###
.......##..............#
#....#..'.......)....#.#
#....#.##............#.#
#..).#'##............#.#


You could see an ogre.

Vanquished Creatures
  A scorpion (D:4)
  A bombardier beetle (D:4)
  A hound (D:4)
  A gnoll bouda (D:3)
  2 iguanas
  8 gnolls
  5 adders
  A ribbon worm (D:4)
  6 orcs (D:4)
  A bat (D:1)
  4 endoplasms
  5 giant cockroaches
  3 goblins
  2 hobgoblins
  2 jackals (D:3)
  3 quokkas
  5 ball pythons
  A frilled lizard (D:2)
  6 kobolds
  4 rats
62 creatures vanquished.

Notes
Turn   | Place    | Note
-------+----------+-------------------------------------------
     0 | D:1      | mmk665 the Gargoyle Fighter began the quest for the Orb.
     0 | D:1      | Reached XP level 1. HP: 14/14 MP: 1/1
    75 | D:1      | Found a faded altar of an unknown god.
   165 | D:1      | Reached XP level 2. HP: 16/19 MP: 2/2
   574 | D:2      | Reached XP level 3. HP: 20/24 MP: 3/3
   976 | D:3      | Found a blossoming altar of Fedhas.
  1007 | D:3      | Reached XP level 4. HP: 24/29 MP: 4/4
  1042 | D:3      | Reached skill level 1 in Dodging
  1042 | D:3      | Reached XP level 5. HP: 8/33 MP: 5/5
  1740 | D:4      | Reached XP level 6. HP: 38/38 MP: 6/6
  2176 | D:4      | Mangled by an ogre

Illustrated notes

Levels and vault maps discovered:
D:1:      lightli_arrival_chessboard, layout_basic,
          hellmonk_ecumenical_altar_arch_garden
D:2:      layout_basic, minmay_tetromino_o4
D:3:      layout_loops_cross, fedhas_altar_3, nicolae_grassy_gnolls
D:4:      minmay_chambers_of_twos, layout_basic, uniq_blork_the_orc

Skill      XL: |  1  2  3  4  5  6 |
---------------+-------------------+-----
Axes           | 2 3 4 |  4.3
Armour         | 4 |  4.2
Dodging        | 1 |  1.7
Fighting       | 4 |  4.3
Shields        | 4 |  4.1
Short Blades   | |  0.2
Stealth        | |  0.4

Action                     |  1- 3 |  4- 6 || total
---------------------------+-------+-------++-------
  Melee: War axe           |    98 |   145 ||   243
         Dagger            |       |    63 ||    63
 Armour: Scale mail        |    52 |       ||    52
         Skin              |    22 |   122 ||   144
  Dodge: Dodged            |    56 |   101 ||   157
  Block: Buckler           |    20 |    45 ||    65
